 Dungeon Crawl Stone Soup version 0.31-a0-187-gba352fbbf7 (webtiles) character file.

Game seed: 4295970443739371454

40 kae the Changer (level 3, 0/28 HPs)
             Began as a Draconian Transmuter on June 22, 2023.
             Slain by a worm (6 damage)
             ... on level 2 of the Dungeon.
             The game lasted 00:02:41 (962 turns).

kae the Changer (Draconian Transmuter)               Turns: 962, Time: 00:02:42

Health: 0/28       AC:  5    Str: 12    XL:     3   Next: 30%
Magic:  6/6        EV: 12    Int: 15    God:
Gold:   16         SH:  0    Dex: 11    Spells: 1/7 levels left

rFire   . . .        c - +0 whip
rCold   . . .        (no shield)
rNeg    . . .        (body armour unavailable)
rPois   .            (helmet currently unavailable)
rElec   .            (no cloak)
rCorr   .            (no gloves)
SInv    .            (boots currently unavailable)
Will    .....        (no amulet)
Stlth   +            (no ring)
HPRegen 0.24/turn    (no ring)
MPRegen 0.10/turn

%: no passive effects
@: confused, lethally poisoned (0 -> -3), appendages (expiring), ambrosia-drunk
A: horns 2, talons 2, AC +5, unfitting armour, cold-blooded
a: End Transformation


You were on level 2 of the Dungeon.
You had temporarily grown beastly horns and talons.
You visited 1 branch of the dungeon, and saw 2 of its levels.

You collected 16 gold pieces.


Innate Abilities, Weirdness & Mutations

You have temporarily grown beastly horns and talons.
Your plain brown scales are hard. (AC +5)
You cannot fit into any form of body armour.
You are cold-blooded and may be slowed by cold attacks.


   Skills:
 - Level 1.1 Fighting
 - Level 1.7 Dodging
 - Level 3.0 Unarmed Combat
 + Level 2.6 Spellcasting
 * Level 3.2 Transmutations


You had one spell level left.
You knew the following spells:

 Your Spells              Type           Power      Damage    Failure   Level
a - Beastly Appendage     Tmut           22%        N/A       5%          1
b - Wereblood             Tmut           11%        N/A       9%          2
c - Spider Form           Tmut/Pois      6%         N/A       32%         3

Your spell library contained the following spells:

 Spells                   Type           Power      Damage    Failure   Level
 Ice Form                 Ice/Tmut       6%         N/A       71%         4

Inventory:

Hand Weapons
 c - a +0 whip (weapon)
   (You found it on level 1 of the Dungeon)
Missiles
 e - 14 stones
Magical Staves
 g - a staff of poison {!a}
   (You found it on level 1 of the Dungeon)
Scrolls
 h - a scroll of noise {unknown}
 i - a scroll of poison {unknown}
Potions
 a - a potion of lignification {!q}
 d - a potion of curing {unknown}
 f - a potion of enlightenment {unknown}

Dungeon Overview and Level Annotations

Branches:
Dungeon (2/15) Zot: 11026

Altars:

##.# #. ##... ####.##
##.... ...... #.#
###..... .....
#.#......... ##...##
#.#####.....
####.....## #.#
##.... .......Sw.#
#.# ##... #...@..#
#.# ##.#
##...#.###.##########
##)##...............
#.######.##########
#.######.# #........#
##########


You could see a worm and an adder.


Message History

😎 MP[+1]
Your mp is fully restored (6).
You hit the kobold. The kobold misses you.
The kobold hits you but does no damage.
You barely miss the kobold. Your kick misses the kobold.
Your headbutt misses the kobold. Your punch misses the kobold.
The kobold hits you but does no damage.
You barely miss the kobold. Your kick misses the kobold.
Your tail-slap misses the kobold.
The kobold completely misses you.
You miss the kobold. Your kick misses the kobold.
The kobold hits you but does no damage.
You barely miss the kobold. The kobold hits you with a +0 club.
The kobold closely misses you.
You barely miss the kobold. The kobold barely misses you.
The kobold hits you but does no damage.
Unknown command.
You hit the kobold.
You kill the kobold!
Your horns disappear.
Your talons disappear.
The kobold hits you but does no damage.
You barely miss the kobold. The kobold barely misses you.
You hit the kobold.
You kill the kobold!
No target in view!
No target in view!
No target in view!
Unknown command.
e - 14 stones (gained 2)
You see here a +0 short sword.
b - an amethyst potion Unknown command.
h - a scroll labelled CALUYS LEDI
i - a scroll labelled XEDEIH QIA A kobold comes into view.
It is wielding a +0 dagger.
The kobold shouts!
A kobold is nearby!
A kobold is nearby!
Casting: Beastly Appendage (safe; 5% risk of failure)
Confirm with . or Enter, or press ? or * to list all spells.
You grow a pair of large bovine horns.
Your feet morph into talons.
An adder comes into view.
The adder moves out of view. 😎 MP[-1]
You lost 1 mp, and now have 5/6 mp.
The kobold closely misses you.
You hit the kobold.
You kill the kobold!
Items here: $ ) ? †.
A worm comes into view.
Unknown command.
There are monsters nearby!
The adder bites you but does no damage.
You closely miss the adder. Your kick misses the adder. The adder bites you.
The adder misses you. 😕 HP[-1]
You take 1 damage, and now have 27/28 hp.
You closely miss the adder. Your kick misses the adder.
The adder bites you but does no damage.
You completely miss the adder. You claw the adder.
You headbutt the adder, but do no damage.
The adder bites you. The adder closely misses you. 😕 MP[+1]
Your mp is fully restored (6).
You hit the adder. The adder bites you.
You are poisoned.
The adder poisons you!
You closely miss the adder. Your kick misses the adder.
You feel sick. The adder bites you. 😕 HP[-5]
You take 5 damage, and now have 22/28 hp.
You barely miss the adder.
You feel sick. The adder bites you but does no damage. The adder bites you.
You miss the adder. Your kick misses the adder.
Your transformation is almost over.
You feel sick. The adder barely misses you. The worm bites you. 😮 HP[-7]
You take 7 damage, and now have 15/28 hp.
MASSIVE DAMAGE!! (PAUSE)
You hit the adder but do no damage. Your kick misses the adder.
You feel sick. The adder bites you.
* * * LOW HITPOINT WARNING * * *
You are more poisoned.
The adder poisons you! The adder bites you.
* * * LOW HITPOINT WARNING * * *
The worm bites you.
* * * LOW HITPOINT WARNING * * *
😱 HP[-11]
You take 11 damage, and now have 4/28 hp.
MASSIVE DAMAGE!! (PAUSE)
You closely miss the adder. You claw the adder.
* * * LOW HITPOINT WARNING * * *
You feel sick. The adder misses you. 😱 HP[-2]
You take 2 damage, and now have 2/28 hp.
Unknown command.
It was a potion of ambrosia.
You are confused.
You feel invigorated.
You feel sick. The adder bites you but does no damage. The worm bites you.
You die...

Skill      XL: |  1  2 |
---------------+-------+-----
Transmutations | 3 |  3.2
Fighting       | |  1.1
Dodging        | |  1.7
Unarmed Combat | |  3.0
Spellcasting   | |  2.6

Action                     || total
---------------------------++-------
  Melee: Whip              ||    96
         Kick              ||    18
         Tailslap          ||     5
         Headbutt          ||     9
         Punch             ||     1
   Cast: Beastly Appendage ||    16
    Use: Scroll            ||     1
         Potion            ||     1
 Armour: Skin              ||    25
  Dodge: Dodged            ||    60

Levels and vault maps discovered:
D:1:      doesnt_arrival_eight_statues, layout_loops_ring,
          grunt_decor_one_mirror
D:2:      layout_loops_ring

Notes
Turn   | Place    | Note
-------+----------+-------------------------------------------
     0 | D:1      | kae the Draconian Transmuter began the quest for the Orb.
     0 | D:1      | Reached XP level 1. HP: 16/16 MP: 3/3
     0 | D:1      | magus.rc [v1.11.3]
    58 | D:1      | HP: 3/16 [frozen (3)]
   191 | D:1      | Reached XP level 2. HP: 20/23 MP: 3/5
   517 | D:1      | Reached skill level 3 in Transmutations
   529 | D:1      | Learned a level 2 spell: Wereblood
   720 | D:1      | Reached XP level 3. HP: 28/28 MP: 4/6
   724 | D:1      | Learned a level 3 spell: Spider Form
   960 | D:2      | HP: 4/28 [worm (6)]
   962 | D:2      | Slain by a worm

Vanquished Creatures
  A dart slug (D:1)
  A ball python (D:1)
  A bat (D:1)
  8 endoplasms
  2 giant cockroaches (D:1)
  2 goblins
  A hobgoblin (D:1)
  4 jackals (D:1)
  4 kobolds
  3 quokkas (D:1)
  2 frilled lizards (D:1)
  2 rats (D:1)
31 creatures vanquished.

Table legend:
 A = Non-vault XP
 B = Vault XP
 C = Vault XP percentage of total XP
 D = Non-vault monster count
 E = Vault monster count
 F = Vault count percentage of total count
                 A         B        C        D         E       F
            +---------+---------+-------+---------+---------+-------
      Total |      58 |       0 |   0.0 |      31 |       0 |   0.0
            +---------+---------+-------+---------+---------+-------
        D:1 |      48 |       0 |   0.0 |      25 |       0 |   0.0
        D:2 |      10 |       0 |   0.0 |       6 |       0 |   0.0
            +---------+---------+-------+---------+---------+-------

Skill      XL: |  1  2 |
---------------+-------+-----
Transmutations | 3 |  3.2
Fighting       | |  1.1
Dodging        | |  1.7
Unarmed Combat | |  3.0
Spellcasting   | |  2.6

Action                     || total
---------------------------++-------
  Melee: Whip              ||    96
         Kick              ||    18
         Tailslap          ||     5
         Headbutt          ||     9
         Punch             ||     1
   Cast: Beastly Appendage ||    16
    Use: Scroll            ||     1
         Potion            ||     1
 Armour: Skin              ||    25
  Dodge: Dodged            ||    60

Illustrated notes

Table legend:
 A = Kills in this place as a percentage of kills in the entire game.
 B = Kills by you in this place as a percentage of kills by you in the entire game.
 C = Kills by friends in this place as a percentage of kills by friends in the entire game.
 D = Other kills in this place as a percentage of other kills in the entire game.
 E = Experience gained in this place as a percentage of experience gained in the entire game.
 F = Experience gained in this place divided by the number of levels of this place that you have seen.
                   A       B       C       D       E      F
               +-------+-------+-------+-------+-------+----------------------
         Total | 100.0 | 100.0 |   N/A |   N/A | 100.0 |  29.0
       Dungeon | 100.0 | 100.0 |   N/A |   N/A | 100.0 |  29.0
               +-------+-------+-------+-------+-------+----------------------

Table legend: (Time is in decaauts)
 A = Elapsed time spent in this place.
 B = Non-inter-level travel time spent in this place.
 C = Inter-level travel time spent in this place.
 D = Time resting spent in this place.
 E = Time spent auto-exploring this place.
 F = Levels seen in this place.
 G = Mean time per level.
                   A        B        C        D        E       F      G
               +--------+--------+--------+--------+--------+-----+--------+
         Total |    972 |    936 |     36 |     30 |    660 |   2 |  486.0 |
       Dungeon |    972 |    936 |     36 |     30 |    660 |   2 |  486.0 |
               +--------+--------+--------+--------+--------+-----+--------+

Top non-repeatable levels by time:
     D:1: 864 daAuts
     D:2: 107 daAuts
